 Dungeon Crawl Stone Soup version 0.32-a0-960-g3814254bd7 (webtiles) character file.

Game seed: 17071833301624614220

525 trashops the Chopper (level 7, -2/60 HPs)
             Began as a Mountain Dwarf Fighter on Apr 17, 2024.
             Killed from afar by a white imp (11 damage)
             ... with a puff of frost
             ... on level 5 of the Dungeon.
             The game lasted 00:05:08 (4040 turns).

trashops the Chopper (Mountain Dwarf Fighter)       Turns: 4040, Time: 00:05:09

Health: -2/60      AC: 14    Str: 20    XL:     7   Next: 2%
Magic:  7/7        EV:  5    Int:  9    God:
Gold:   252        SH:  4    Dex:  9    Spells: 6/6 levels left

rFire   . . .        a - +0 war axe
rCold   . . .        c - +0 buckler
rNeg    . . .        r - +1 plate armour
rPois   .            (no helmet)
rElec   .            f - scarf {repulsion}
rCorr   .            i - +0 pair of gloves
SInv    .            (no boots)
Will    .....        (no amulet) Stlth
                     (no ring)
HPRegen 0.30/turn    (no ring)
MPRegen 0.10/turn

%: repel missiles
@: no status effects
A: runic magic, artefact enchanting
a: no special abilities


You were on level 5 of the Dungeon.
You visited 1 branch of the dungeon, and saw 5 of its levels.

You collected 252 gold pieces.

Inventory:

Hand Weapons
 a - a +0 war axe (weapon)
Missiles
 b - a throwing net (quivered)
Armour
 c - a +0 buckler (worn)
 f - a scarf of repulsion (worn)
 i - a +0 pair of gloves (worn)
 r - a +1 plate armour (worn)
Scrolls
 e - a scroll of vulnerability
 h - 4 scrolls of identify
 k - a scroll of enchant armour
Potions
 d - 2 potions of might
 j - a potion of lignification


   Skills:
 * Level 4.7 Fighting
 * Level 6.6 Axes
 * Level 5.1 Armour
 - Level 0.4 Dodging
 + Level 3.9 Shields


You had 6 spell levels left.
You didn't know any spells.
Your spell library contained the following spells:

 Spells                   Type           Power      Damage    Failure   Level
 Leda's Liquefaction      Alch/Erth      0%         N/A       100%        4
 Petrify                  Alch/Erth      0%         N/A       100%        4
 Metabolic Englaciation   Hex/Ice        0%         N/A       100%        5


Dungeon Overview and Level Annotations

Branches:
Dungeon (5/15)
 Temple: D:4-7

Altars:
Elyvilon
Makhleb
Wu Jian


Innate Abilities, Weirdness & Mutations

Your spellcasting is much less encumbered by armour.
You can use scrolls of enchantment on lesser artefacts.


Message History

The phantom is moderately damaged.
You closely miss the white imp. The white imp hits you.
The white imp freezes you.
The phantom hits you but does no damage.
You hit the phantom but do no damage.
The phantom is moderately damaged.
You closely miss the white imp.
The white imp hits you but does no damage.
The phantom hits you.
The phantom blinks!
You blink.
The white imp gestures at you. The puff of frost hits you!
* * * LOW HITPOINT WARNING * * *
The phantom hits you.
* * * LOW HITPOINT WARNING * * *
The phantom blinks!
You blink.
The phantom hits you but does no damage.
The phantom attacks as it pursues you! The phantom hits you.
* * * LOW HITPOINT WARNING * * *
The phantom blinks!
You blink.
You closely miss the phantom.
The phantom is moderately damaged.
The phantom hits you but does no damage.
You closely miss the phantom.
The phantom is moderately damaged.
The phantom hits you.
* * * LOW HITPOINT WARNING * * *
The phantom blinks!
You blink.
You slash the phantom!
The phantom is severely damaged.
The phantom hits you but does no damage. x2
You hit the phantom.
The phantom is almost destroyed.
The phantom barely misses you.
You slash the phantom!
You destroy the phantom!
Your Armour skill increases to level 5!
You have reached level 7!
The white imp gestures at you. The puff of frost hits you!
You die...

#.# ... #........#. #.#
#.# #.....[..#. #.# #.#
#..$....... #.# #.#
#.5..#####. #.#
#.#####....# #.#
#.#........##### #.#
###..............#
#.#.######....5###.....##
#.#........@.......#ยง#..#
##.########.#########.#..#
#.....................#..#
###########.###########
#.# #.# #.# #.# #.#


You could see a white imp.

Vanquished Creatures
  An ogre (D:5)
  A phantom (D:5)
  A scorpion (D:5)
  A jelly (D:4)
  2 orc priests
  A gnoll bouda (D:5)
  6 adders
  5 gnolls (D:5)
  A dart slug (D:1)
  A ribbon worm (D:4)
  14 orcs
  7 endoplasms
  2 giant cockroaches
  7 goblins
  2 hobgoblins
  2 quokkas (D:1)
  7 ball pythons
  9 bats
  2 frilled lizards
  10 kobolds
  3 rats
85 creatures vanquished.

Notes
Turn   | Place    | Note
-------+----------+-------------------------------------------
     0 | D:1      | trashops the Mountain Dwarf Fighter began the quest for the
                  | Orb.
     0 | D:1      | Reached XP level 1. HP: 19/19 MP: 1/1
   276 | D:1      | Reached XP level 2. HP: 23/26 MP: 2/2
   389 | D:1      | Found a faded altar of an unknown god.
   821 | D:1      | Reached skill level 3 in Axes
   957 | D:2      | Reached XP level 3. HP: 26/33 MP: 3/3
  1213 | D:2      | Found an ornate altar of the Wu Jian Council.
  1515 | D:2      | Reached XP level 4. HP: 34/40 MP: 4/4
  1871 | D:3      | Reached skill level 4 in Axes
  2094 | D:3      | Found an ornate altar of the Wu Jian Council.
  2097 | D:3      | Found a white marble altar of Elyvilon.
  2190 | D:3      | Reached XP level 5. HP: 44/46 MP: 5/5
  2640 | D:4      | Reached skill level 5 in Axes
  3410 | D:5      | Entered Level 5 of the Dungeon
  3410 | D:5      | Noticed an ogre
  3417 | D:5      | Killed an ogre
  3418 | D:5      | Reached XP level 6. HP: 30/52 MP: 6/6
  3561 | D:5      | Reached skill level 6 in Axes
  3895 | D:5      | Found a burning altar of Makhleb.
  4039 | D:5      | Reached skill level 5 in Armour
  4039 | D:5      | Reached XP level 7. HP: 9/60 MP: 7/7
  4040 | D:5      | Killed from afar by a white imp

Illustrated notes

Levels and vault maps discovered:
D:1:      elethiomel_arrival_fortress_basement, layout_basic,
          shapermc_ecumenical_altar_notcrosses, minmay_misc_feat_doors
D:2:      layout_basic, basic_altar, serial_glass, glass_columns_c,
          glass_columns_a
D:3:      layout_loops_ring, chequers_temple_overflow_statue_of_worship
D:4:      layout_cave_pods
D:5:      layout_basic, mainiacjoe_overflow_alcove_2,
          nicolae_overflow_crystal_walls, kennysheep_generic_room_10,
          uniq_prince_ribbit1

Skill      XL: |  1  2  3  4  5  6 |
---------------+-------------------+-----
Axes           | 3 4 5 6 |  6.6
Fighting       | 4 |  4.7
Armour         | 4 5 |  5.1
Dodging        | |  0.4
Shields        | |  3.9

Action                     |  1- 3 |  4- 6 |  7- 9 || total
---------------------------+-------+-------+-------++-------
  Melee: War axe           |   107 |   169 |       ||   276
    Use: Potion            |     2 |     5 |       ||     7
         Scroll            |     1 |     8 |       ||     9
 Armour: Scale mail        |   111 |    80 |       ||   191
         Plate armour      |       |    90 |     1 ||    91
  Dodge: Dodged            |    37 |    76 |       ||   113
         Repelled          |       |     3 |       ||     3
  Block: Buckler           |    25 |    34 |       ||    59

Table legend: (Time is in decaauts)
 A = Elapsed time spent in this place.
 B = Non-inter-level travel time spent in this place.
 C = Inter-level travel time spent in this place.
 D = Time resting spent in this place.
 E = Time spent auto-exploring this place.
 F = Levels seen in this place.
 G = Mean time per level.
                   A        B        C        D        E       F      G
               +--------+--------+--------+--------+--------+-----+--------+
         Total |   4110 |   3968 |    142 |    356 |   2885 |   5 |  822.0 |
       Dungeon |   4110 |   3968 |    142 |    356 |   2885 |   5 |  822.0 |
               +--------+--------+--------+--------+--------+-----+--------+

Top non-repeatable levels by time:
     D:4: 943 daAuts
     D:1: 893 daAuts
     D:3: 874 daAuts
     D:2: 773 daAuts
     D:5: 624 daAuts
